 Dungeon Crawl Stone Soup version 0.28.0 (webtiles) character file.

Game seed: 2023896698392869145

3565 tilp the Cleaver (level 9, -2/79 (81) HPs)
             Began as a Minotaur Berserker on Feb 9, 2022.
             Was a Priest of Trog.
             Slain by a fire elemental (10 damage)
             ... summoned by a deep elf pyromancer
             ... on level 8 of the Dungeon.
             The game lasted 00:07:36 (7819 turns).

tilp the Cleaver (Minotaur Berserker)               Turns: 7819, Time: 00:07:36

HP:   -2/79 (81)    AC: 14    Str: 26    XL:     9   Next: 84%
MP:   2/2           EV: 11    Int:  4    God:    Trog [***...]
Gold: 497           SH:  0    Dex: 10    Spells: 8/8 levels left

rFire   . . .      SeeInvis .   a - +0 war axe (antimagic)
rCold   . . .      Faith    .   (no shield)
rNeg    + . .      Spirit   .   f - +0 scale mail
rPois   .          Reflect  .   h - +0 hat
rElec   .          Harm     .   A - +1 cloak
rCorr   .          Rampage  .   c - +1 pair of gloves
Will    .....                   p - +2 pair of boots
Stlth   +.........              (no amulet)
HPRegen 0.23/turn               l - ring of positive energy
MPRegen 0.08/turn               (no ring)

@: on berserk cooldown, slowed, studying Unarmed Combat, lightly drained, very
slow
A: horns 2, retaliatory headbutt
a: Renounce Religion, Berserk, Trog's Hand


You were on level 8 of the Dungeon.
You worshipped Trog.
Trog was most pleased with you.
You visited 1 branch of the dungeon, and saw 8 of its levels.

You collected 497 gold pieces.

Inventory:

Hand Weapons
 a - a +0 antimagic war axe (weapon)
 b - a +0 war axe
 z - a +0 battleaxe
Missiles
 i - 5 poisoned darts (quivered)
 n - 3 curare-tipped darts
 u - 6 javelins
Armour
 c - a +1 pair of gloves (worn)
 f - a +0 scale mail (worn)
 h - a +0 hat (worn)
 p - a +2 pair of boots (worn)
 A - a +1 cloak (worn)
Jewellery
 l - a ring of positive energy (left hand)
 r - a ring of ice
 w - a ring of ice
Wands
 d - a wand of flame (1)
 x - a wand of charming (8)
Scrolls
 k - 2 scrolls of teleportation
 o - 2 scrolls of summoning
 q - a scroll of enchant weapon
Potions
 e - a potion of magic {unknown}
 g - a potion of heal wounds
 j - 4 potions of curing
 m - a potion of mutation {unknown}
 s - a potion of resistance {unknown}
 t - 2 potions of haste
 v - a potion of attraction {unknown}


   Skills:
 + Level 7.8 Fighting
 * Level 12.1 Axes
 + Level 3.8 Throwing
 - Level 4.0 Armour
 - Level 4.0 Dodging
 - Level 4.0 Stealth
 + Level 3.5 Evocations


You had 8 spell levels left.
You didn't know any spells.
Your spell library was empty.

Dungeon Overview and Level Annotations

Branches:
Dungeon (7/15)             Temple (0/1) D:5

Altars:
Cheibriados
Gozag
Hepliaklqana
Makhleb
Qazlal
Ru
Sif Muna
Vehumet
Xom
Zin

Shops:
D:6 =


Innate Abilities, Weirdness & Mutations

You have a pair of horns on your head.
You reflexively headbutt those who attack you in melee.


Message History

The fire elemental burns you!
* * * LOW HITPOINT WARNING * * *
The fire elemental hits you. The fire elemental burns you!
* * * LOW HITPOINT WARNING * * *
The deep elf pyromancer hits you but does no damage.
Unknown command.
You feel much better. The fire elemental hits you.
The fire elemental burns you!
* * * LOW HITPOINT WARNING * * *
The deep elf pyromancer hits you but does no damage.
The fire elemental hits you. The fire elemental burns you!
* * * LOW HITPOINT WARNING * * *
The deep elf pyromancer closely misses you.
Okay, then.
There are no items here.
You feel much better. The fire elemental hits you.
The fire elemental burns you! The fire elemental hits you.
The fire elemental burns you!
* * * LOW HITPOINT WARNING * * *
The deep elf pyromancer closely misses you.
Unknown command.
You barely miss the deep elf pyromancer.
You headbutt the deep elf pyromancer, but do no damage.
The deep elf pyromancer is heavily wounded.
You barely miss the fire elemental. The fire elemental hits you.
The fire elemental burns you!
* * * LOW HITPOINT WARNING * * *
The deep elf pyromancer completely misses you.
You furiously retaliate!
You headbutt the deep elf pyromancer. The fire elemental hits you.
* * * LOW HITPOINT WARNING * * *
The fire elemental burns you!
* * * LOW HITPOINT WARNING * * *
Unknown command.
Unknown command.
Okay, then.
As you read the scroll of summoning, it crumbles to dust.
Wisps of shadow whirl around you... The fire elemental hits you.
The fire elemental burns you!
You die...

##########
#........#######
#..............# #####
#..###########.# ##...#
#..KggED.....#.#
.....#####..KgKe@g5...#.#
............8######'''#.#
.....<............+)..#.#
.......###........+...#.##
##...#####...:....+P..#..#
.....# #...8######+++#..#
##(#.####.#....... #..#
...#......#....... #..#
##.######.#.###########..#


You could see a deep elf pyromancer (ally target), a fire elemental (summoned,
ally target), a friendly acid dragon (summoned), a friendly kobold brigand
(summoned), a friendly gnoll sergeant (summoned), 3 friendly gnolls, a friendly
white imp (summoned) and 2 friendly kobolds.

Vanquished Creatures
  A two-headed ogre (D:5)
  Grinder (D:5)
  Sigmund (D:6)
  4 ice beasts
  A necrophage (D:6)
  3 centaurs
  A scorpion (D:4)
  A bullfrog (D:7)
  A wyvern skeleton (D:4)
  8 killer bees
  10 wights
  A crimson imp (D:3)
  2 centaur zombies
  2 jellies
  2 orc priests
  A bullfrog zombie (D:4)
  6 hounds
  2 bullfrog skeletons (D:6)
  Crazy Yiuf (D:6)
  2 centaur skeletons
  An iguana (D:5)
  A gnoll shaman (D:5)
  3 orc wizards
  A scorpion zombie (D:5)
  A hound zombie (D:5)
  A hound skeleton (D:4)
  A howler monkey skeleton (D:4)
  8 gnolls
  6 adders
  2 shadow imps
  An adder skeleton (D:4)
  A worm (D:5)
  3 dart slugs
  12 orcs
  2 bats
  9 endoplasms
  2 giant cockroaches
  5 hobgoblins
  4 kobolds
  7 quokkas
  2 ball pythons
  12 goblins
  9 rats
145 creatures vanquished.

Vanquished Creatures (others)
  14 plants (D:4)
14 creatures vanquished.

Grand Total: 159 creatures vanquished

Notes
Turn   | Place    | Note
-------+----------+-------------------------------------------
     0 | D:1      | tilp the Minotaur Berserker began the quest for the Orb.
     0 | D:1      | Reached XP level 1. HP: 19/19 MP: 0/0
    55 | D:1      | Reached skill level 4 in Axes
   300 | D:1      | Reached XP level 2. HP: 27/27 MP: 1/1
   514 | D:1      | Reached XP level 3. HP: 21/33 MP: 2/2
   772 | D:1      | Reached skill level 5 in Axes
   779 | D:1      | Reached ** piety under Trog
  1577 | D:2      | Found a snail-covered altar of Cheibriados.
  2070 | D:3      | Noticed a centaur
  2082 | D:3      | Killed a centaur
  2083 | D:3      | Reached skill level 6 in Axes
  2083 | D:3      | Reached XP level 4. HP: 40/40 MP: 3/3
  2265 | D:3      | Found a radiant altar of Vehumet.
  2266 | D:3      | Found a burning altar of Makhleb.
  2271 | D:3      | Reached skill level 1 in Stealth
  2271 | D:3      | Reached XP level 5. HP: 47/47 MP: 4/4
  2501 | D:3      | Found an opulent altar of Gozag.
  2501 | D:3      | Found a shimmering altar of Xom.
  2502 | D:3      | Found a shimmering blue altar of Sif Muna.
  2503 | D:3      | Found a glowing silver altar of Zin.
  2506 | D:3      | Found a sacrificial altar of Ru.
  3111 | D:4      | Reached skill level 7 in Axes
  3135 | D:4      | Reached XP level 6. HP: 42/55 MP: 5/5
  3390 | D:4      | Reached skill level 5 in Fighting
  3552 | D:4      | Found a hazy altar of Hepliaklqana.
  3850 | D:5      | Entered Level 5 of the Dungeon
  3854 | D:5      | Noticed an ice beast
  3861 | D:5      | Killed an ice beast
  3862 | D:5      | Reached skill level 8 in Axes
  3862 | D:5      | Reached XP level 7. HP: 61/61 MP: 6/6
  4405 | D:5      | Reached skill level 9 in Axes
  4598 | D:5      | Found a stormy altar of Qazlal.
  5080 | D:5      | Found a staircase to the Ecumenical Temple.
  5101 | D:5      | Reached skill level 10 in Axes
  5101 | D:5      | Reached XP level 8. HP: 70/70 MP: 7/7
  5192 | D:5      | Noticed a two-headed ogre
  5206 | D:5      | Killed a two-headed ogre
  5207 | D:5      | Reached skill level 1 in Throwing
  5207 | D:5      | Reached skill level 1 in Evocations
  5458 | D:5      | Noticed Grinder
  5468 | D:5      | Killed Grinder
  5782 | D:5      | Reached XP level 9. HP: 78/78 MP: 8/8
  6155 | D:6      | Noticed Sigmund
  6161 | D:6      | Reached skill level 11 in Axes
  6163 | D:6      | Killed Sigmund
  6199 | D:6      | Identified the +7 short sword "Grim Tooth" {freeze, rC++
                  | Dex+5}
  6249 | D:6      | Found a runed translucent door.
  6250 | D:6      | Noticed Crazy Yiuf
  6392 | D:6      | Reached *** piety under Trog
  6545 | D:6      | Found Areroarr's Jewellery Emporium.
  6651 | D:6      | Killed Crazy Yiuf
  7226 | D:7      | You fall into a shaft and drop 1 floor!
  7443 | D:8      | Reached skill level 12 in Axes
  7803 | D:8      | Noticed a deep elf pyromancer
  7814 | D:8      | HP: 2/79 [deep elf pyromancer (3)]
  7819 | D:8      | Slain by a fire elemental

Illustrated notes

Levels and vault maps discovered:
D:1:      lemuel_arrival_rhombus, layout_basic, minivault_4,
          chequers_serial_rivers_micro_c
D:2:      layout_loops_ring, basic_altar
D:3:      layout_loops_ring, grunt_temple_overflow_lords_of_destruction,
          minitemple
D:4:      layout_basic, nicolae_hepliaklqana_hazy_memory
D:5:      layout_loops_corners, grunt_qazlal_sundering,
          minmay_temple_entry_mist, minmay_manual_macuahuitl, uniq_grinder
D:6:      nicolae_cairo_tiling_very_big, layout_basic, serial_shops,
          nicolae_shop_stone, kennysheep_generic_room_13, uniq_sigmund,
          uniq_crazy_yiuf_cottage
D:7:      layout_layer_cave, tgw_trog
D:8:      layout_loops_ring, guppyfry_early_elven_hall

Skill      XL: |  1  2  3  4  5  6  7  8  9 |
---------------+----------------------------+-----
Axes           | 4 6 7 8 10 12 | 12.1
Fighting       | 4 5 6 7 |  7.8
Stealth        | 1 2 3 4 |  4.0
Throwing       | 2 3 |  3.8
Armour         | 4 |  4.0
Dodging        | 3 4 |  4.0
Evocations     | 2 3 |  3.5

Action                   |  1- 3 |  4- 6 |  7- 9 || total
-------------------------+-------+-------+-------++-------
Melee: Hand axe          |    59 |    89 |   122 ||   270
       Headbutt          |    10 |    14 |    52 ||    76
       Punch             |       |     2 |     7 ||     9
       War axe           |       |       |   110 ||   110
Throw: Dart              |       |       |     3 ||     3
       Javelin           |       |       |     1 ||     1
Invok: Berserk           |     2 |     2 |    10 ||    14
  Use: Scroll            |     5 |     3 |     8 ||    16
       Potion            |       |       |     3 ||     3
 Stab: Sleeping          |     1 |       |     1 ||     2
Armor: Animal skin       |     9 |       |       ||     9
       Leather armour    |     5 |    14 |       ||    19
       Ring mail         |       |    16 |    62 ||    78
       Scale mail        |       |       |    41 ||    41
Dodge: Dodged            |    40 |    52 |   122 ||   214
